[ AOE2 MATCH · #494347838 ]
UnrankedHuns vs Teutons
Player's team · WIN
Rival team · LOSS
[ REPLAY ANALYSIS · EXTRACTED FROM THE RECORDED GAME ]
Feudal
10:56
Castle
22:07
Imperial
38:04
| APM avg | 45.1 |
| APM peak | 90 |
| eAPM avg | 26.5 |
| Villagers / military | 135 / 154 |
Focus
⚔️ 28.8% · 🌾 71.2%
Knight ×129 · Battering Ram ×8 · Monk ×6 · Mangonel ×4 · Trebuchet (Packed) ×4 · Petard ×2
Feudal
8:26
Castle
25:00
Imperial
44:30
| APM avg | 54.0 |
| APM peak | 102 |
| eAPM avg | 36.5 |
| Villagers / military | 181 / 260 |
Focus
⚔️ 49.5% · 🌾 50.5%
Spearman ×239 · Battering Ram ×10 · Monk ×3 · Mangonel ×3 · Scorpion ×3 · Bombard Cannon ×2
Match map
Initial resources + every placement click. Lines = walls · curves = elevation contours. ◆ gold · ⬟ stone · ● berries · ✦ relic · ◌ wall gap
Your base· ✓ Closed at 22:07 · 28t walls · 2 gate(s)
Fabrizio 094455's base· ✓ Closed at 25:00 · 11t walls · 3 gate(s)
Smoothed initial terrain · ◌ = detected wall gap · hover for details
Inputs per minute
— _The_Oldergold - - Fabrizio 094455
Build order — _The_Oldergold
First 150 of 379 actions detected
| 0:00 | Create | Villager (Male) |
| 0:09 | Create | Villager (Male) |
| 0:12 | Create | Villager (Male) |
| 0:14 | Create | Villager (Male) |
| 1:25 | Create | Villager (Male) |
| 1:25 | Create | Villager (Male) |
| 1:54 | Create | Villager (Male) |
| 1:54 | Create | Villager (Male) |
| 2:07 | Create | Villager (Male) |
| 2:14 | Build | Lumber Camp |
| 2:56 | Create | Villager (Male) |
| 2:56 | Create | Villager (Male) |
| 2:56 | Create | Villager (Male) |
| 3:06 | Create | Villager (Male) |
| 4:01 | Create | Villager (Male) |
| 4:02 | Create | Villager (Male) |
| 4:02 | Create | Villager (Male) |
| 4:15 | Research | Loom |
| 4:20 | Build | Mill |
| 4:29 | Create | Villager (Male) |
| 4:30 | Create | Villager (Male) |
| 5:22 | Create | Villager (Male) |
| 5:22 | Create | Villager (Male) |
| 5:25 | Create | Villager (Male) |
| 5:27 | Create | Villager (Male) |
| 5:28 | Create | Villager (Male) |
| 5:30 | Build | Lumber Camp |
| 6:17 | Create | Villager (Male) |
| 6:43 | Create | Villager (Male) |
| 7:01 | Build | Mining Camp |
| 7:55 | Create | Villager (Male) |
| 8:05 | Research | Feudal Age |
| 8:16 | Research | Loom |
| 8:18 | Research | Feudal Age |
| 8:37 | Build | Palisade Wall |
| 8:40 | Build | Palisade Wall |
| 8:47 | Build | Palisade Wall |
| 8:51 | Build | Palisade Wall |
| 8:54 | Create | Villager (Male) |
| 9:44 | Create | Villager (Male) |
| 10:06 | Build | Palisade Wall |
| 10:42 | Create | Villager (Male) |
| 10:56 | Age | Feudal Age |
| 10:58 | Build | Watch Tower |
| 11:08 | Build | Barracks |
| 11:13 | Build | Blacksmith |
| 11:15 | Build | Palisade Wall |
| 11:20 | Build | Market |
| 11:25 | Create | Villager (Male) |
| 12:14 | Create | Villager (Male) |
| 12:22 | Research | Fletching |
| 13:02 | Create | Villager (Male) |
| 13:22 | Build | Stone Wall |
| 13:29 | Build | Palisade Wall |
| 13:30 | Create | Villager (Male) |
| 13:33 | Build | Farm |
| 13:37 | Build | Farm |
| 13:39 | Build | Farm |
| 13:59 | Create | Villager (Male) |
| 14:00 | Create | Villager (Male) |
| 14:01 | Create | Villager (Male) |
| 14:48 | Build | Palisade Wall |
| 14:56 | Build | Stable |
| 15:04 | Create | Villager (Male) |
| 15:09 | Build | Mining Camp |
| 15:36 | Create | Villager (Male) |
| 15:48 | Build | Watch Tower |
| 15:54 | Build | Farm |
| 15:55 | Create | Villager (Male) |
| 16:02 | Build | Farm |
| 16:15 | Create | Villager (Male) |
| 16:48 | Create | Villager (Male) |
| 16:59 | Build | Watch Tower |
| 17:02 | Create | Villager (Male) |
| 17:05 | Build | Farm |
| 17:08 | Build | Farm |
| 17:19 | Create | Villager (Male) |
| 17:31 | Build | Watch Tower |
| 17:48 | Build | Farm |
| 18:04 | Create | Villager (Male) |
| 18:16 | Build | Farm |
| 18:32 | Build | Farm |
| 18:33 | Create | Villager (Male) |
| 19:03 | Build | Farm |
| 19:27 | Research | Castle Age |
| 19:45 | Build | Blacksmith |
| 19:55 | Research | Double-Bit Axe |
| 19:56 | Research | Double-Bit Axe |
| 20:04 | Create | Spearman |
| 20:19 | Build | Farm |
| 20:41 | Create | Villager (Male) |
| 20:44 | Build | Farm |
| 21:06 | Research | Scale Barding Armor |
| 21:06 | Research | Scale Barding Armor |
| 21:15 | Build | Palisade Wall |
| 21:15 | Build | Palisade Wall |
| 22:00 | Build | Palisade Wall |
| 22:07 | Age | Castle Age |
| 22:19 | Build | Castle |
| 22:32 | Create | Villager (Male) |
| 22:40 | Create | Knight |
| 22:40 | Create | Knight |
| 22:40 | Create | Knight |
| 22:42 | Create | Villager (Male) |
| 22:45 | Research | Bow Saw |
| 22:45 | Research | Bow Saw |
| 22:46 | Research | Horse Collar |
| 23:03 | Build | Palisade Gate |
| 23:53 | Create | Villager (Male) |
| 23:53 | Create | Villager (Male) |
| 24:04 | Create | Villager (Male) |
| 24:10 | Create | Villager (Male) |
| 24:39 | Create | Knight |
| 24:39 | Create | Knight |
| 25:25 | Create | Villager (Male) |
| 25:43 | Create | Villager (Male) |
| 25:53 | Build | Castle |
| 26:07 | Create | Villager (Male) |
| 26:25 | Create | Villager (Male) |
| 26:27 | Build | Farm |
| 26:29 | Build | Farm |
| 26:44 | Build | Siege Workshop |
| 26:45 | Build | Farm |
| 27:10 | Create | Villager (Male) |
| 27:27 | Create | Villager (Male) |
| 27:40 | Create | Mangonel |
| 27:43 | Create | Battering Ram |
| 27:45 | Create | Knight |
| 27:45 | Create | Knight |
| 27:45 | Create | Knight |
| 27:58 | Create | Villager (Male) |
| 28:01 | Build | Farm |
| 28:05 | Build | Farm |
| 28:16 | Create | Battering Ram |
| 28:19 | Create | Villager (Male) |
| 28:40 | Create | Villager (Male) |
| 28:43 | Build | Town Center |
| 28:47 | Build | Town Center |
| 29:04 | Create | Knight |
| 29:05 | Create | Knight |
| 29:05 | Create | Villager (Male) |
| 29:09 | Research | Chain Barding Armor |
| 29:09 | Research | Chain Barding Armor |
| 29:20 | Create | Villager (Male) |
| 29:22 | Build | Farm |
| 29:23 | Build | Farm |
| 29:25 | Build | Farm |
| 29:28 | Build | Lumber Camp |
| 29:31 | Build | Farm |
| 29:32 | Build | Farm |
Build order — Fabrizio 094455
First 150 of 682 actions detected
| 0:01 | Create | Villager (Male) |
| 0:01 | Create | Villager (Male) |
| 0:01 | Create | Villager (Male) |
| 0:02 | Create | Villager (Male) |
| 0:02 | Build | House |
| 0:04 | Build | House |
| 1:39 | Create | Villager (Male) |
| 1:40 | Create | Villager (Male) |
| 1:48 | Build | Lumber Camp |
| 1:57 | Create | Villager (Male) |
| 1:59 | Create | Villager (Male) |
| 2:00 | Create | Villager (Male) |
| 2:36 | Build | House |
| 2:41 | Create | Villager (Male) |
| 2:41 | Create | Villager (Male) |
| 2:41 | Create | Villager (Male) |
| 2:41 | Create | Villager (Male) |
| 3:16 | Create | Villager (Male) |
| 3:17 | Create | Villager (Male) |
| 3:44 | Create | Villager (Male) |
| 3:44 | Create | Villager (Male) |
| 3:46 | Create | Villager (Male) |
| 3:46 | Create | Villager (Male) |
| 4:39 | Build | Mill |
| 4:55 | Create | Villager (Male) |
| 4:55 | Create | Villager (Male) |
| 4:55 | Create | Villager (Male) |
| 4:55 | Create | Villager (Male) |
| 5:37 | Research | Loom |
| 6:13 | Research | Feudal Age |
| 6:36 | Build | House |
| 6:40 | Create | Villager (Male) |
| 6:50 | Build | Mining Camp |
| 6:54 | Build | Mining Camp |
| 8:26 | Age | Feudal Age |
| 8:29 | Build | Watch Tower |
| 8:41 | Create | Villager (Male) |
| 8:46 | Research | Double-Bit Axe |
| 9:12 | Create | Villager (Male) |
| 9:12 | Create | Villager (Male) |
| 9:54 | Create | Villager (Male) |
| 10:35 | Create | Villager (Male) |
| 10:36 | Create | Villager (Male) |
| 11:01 | Build | House |
| 11:04 | Create | Villager (Male) |
| 11:04 | Create | Villager (Male) |
| 11:15 | Build | Outpost |
| 11:42 | Build | Watch Tower |
| 11:45 | Create | Villager (Male) |
| 11:51 | Build | Blacksmith |
| 12:33 | Build | Palisade Gate |
| 12:41 | Research | Fletching |
| 12:41 | Research | Fletching |
| 12:43 | Build | Farm |
| 12:43 | Build | Farm |
| 12:44 | Build | Farm |
| 12:44 | Build | Farm |
| 12:44 | Build | Farm |
| 13:07 | Build | Watch Tower |
| 13:13 | Build | Farm |
| 13:25 | Create | Villager (Male) |
| 13:26 | Create | Villager (Male) |
| 13:56 | Create | Villager (Male) |
| 14:01 | Build | Outpost |
| 14:11 | Create | Villager (Male) |
| 14:15 | Build | Farm |
| 14:25 | Build | Farm |
| 14:31 | Create | Villager (Male) |
| 14:42 | Build | Outpost |
| 14:59 | Build | Watch Tower |
| 15:11 | Create | Villager (Male) |
| 15:11 | Create | Villager (Male) |
| 15:15 | Build | House |
| 15:18 | Research | Town Watch |
| 15:44 | Create | Villager (Male) |
| 15:56 | Create | Villager (Male) |
| 15:59 | Build | Farm |
| 16:01 | Build | Farm |
| 16:22 | Build | Watch Tower |
| 16:23 | Create | Villager (Male) |
| 16:27 | Build | Farm |
| 17:00 | Create | Villager (Male) |
| 17:13 | Build | House |
| 17:45 | Create | Villager (Male) |
| 17:53 | Build | Farm |
| 18:05 | Create | Villager (Male) |
| 18:37 | Build | Palisade Wall |
| 18:37 | Build | Palisade Wall |
| 19:00 | Create | Villager (Male) |
| 19:00 | Create | Villager (Male) |
| 19:27 | Create | Villager (Male) |
| 19:28 | Create | Villager (Male) |
| 19:33 | Build | Farm |
| 19:35 | Build | Farm |
| 19:38 | Build | Farm |
| 19:50 | Build | Watch Tower |
| 20:03 | Build | Watch Tower |
| 20:08 | Create | Villager (Male) |
| 20:20 | Build | Market |
| 20:22 | Build | House |
| 20:26 | Build | Farm |
| 20:49 | Create | Villager (Male) |
| 20:49 | Create | Villager (Male) |
| 20:51 | Build | Mining Camp |
| 21:14 | Build | Palisade Wall |
| 21:25 | Create | Villager (Male) |
| 21:25 | Create | Villager (Male) |
| 21:32 | Create | Villager (Male) |
| 21:53 | Build | Palisade Wall |
| 21:59 | Build | Palisade Wall |
| 22:05 | Research | Castle Age |
| 22:31 | Create | Villager (Male) |
| 22:31 | Create | Villager (Male) |
| 22:56 | Build | Watch Tower |
| 23:02 | Build | Barracks |
| 23:12 | Build | Palisade Wall |
| 23:13 | Build | Palisade Wall |
| 23:17 | Build | Palisade Wall |
| 23:20 | Build | Palisade Wall |
| 23:21 | Build | Palisade Wall |
| 23:25 | Build | Palisade Wall |
| 23:33 | Create | Villager (Male) |
| 23:33 | Create | Villager (Male) |
| 23:55 | Create | Villager (Male) |
| 23:55 | Create | Villager (Male) |
| 24:10 | Create | Spearman |
| 24:11 | Research | Scale Mail Armor |
| 24:11 | Research | Scale Mail Armor |
| 24:17 | Build | Lumber Camp |
| 24:23 | Create | Spearman |
| 24:34 | Create | Villager (Male) |
| 24:35 | Create | Spearman |
| 24:56 | Create | Spearman |
| 24:59 | Build | Stone Wall |
| 25:00 | Age | Castle Age |
| 25:00 | Build | Stone Wall |
| 25:02 | Build | Stone Wall |
| 25:05 | Build | Stone Wall |
| 25:06 | Build | Stone Wall |
| 25:11 | Research | Pikeman (upgrade) |
| 25:14 | Create | Villager (Male) |
| 25:14 | Create | Villager (Male) |
| 25:26 | Create | Villager (Male) |
| 25:42 | Create | Spearman |
| 25:43 | Create | Villager (Male) |
| 25:50 | Build | University |
| 25:59 | Build | Castle |
| 26:03 | Create | Villager (Male) |
| 26:04 | Create | Spearman |
| 26:07 | Create | Villager (Male) |
Match timeline
| 8:26 | Fabrizio 094455 · age_up feudal |
| 8:37 | _The_Oldergold · wall_segment Palisade Wall x3 |
| 8:40 | _The_Oldergold · wall_segment Palisade Wall x1 |
| 8:47 | _The_Oldergold · wall_segment Palisade Wall x4 |
| 8:51 | _The_Oldergold · wall_segment Palisade Wall x3 |
| 10:06 | _The_Oldergold · wall_segment Palisade Wall x1 |
| 10:56 | _The_Oldergold · age_up feudal |
| 11:08 | _The_Oldergold · first_building Barracks |
| 11:15 | _The_Oldergold · wall_segment Palisade Wall x1 |
| 13:22 | _The_Oldergold · wall_segment Stone Wall x4 |
| 13:29 | _The_Oldergold · wall_segment Palisade Wall x6 |
| 14:40 | _The_Oldergold · first_market_sell 100 stone |
| 14:48 | _The_Oldergold · wall_segment Palisade Wall x3 |
| 14:56 | _The_Oldergold · first_building Stable |
| 17:42 | _The_Oldergold · first_market_buy 500 food |
| 18:37 | Fabrizio 094455 · wall_segment Palisade Wall x1 |
| 18:37 | Fabrizio 094455 · wall_segment Palisade Wall x1 |
| 21:14 | Fabrizio 094455 · wall_segment Palisade Wall x1 |
| 21:15 | _The_Oldergold · wall_segment Palisade Wall x1 |
| 21:15 | _The_Oldergold · wall_segment Palisade Wall x1 |
| 21:53 | Fabrizio 094455 · wall_segment Palisade Wall x1 |
| 21:59 | Fabrizio 094455 · wall_segment Palisade Wall x1 |
| 22:00 | _The_Oldergold · wall_segment Palisade Wall x1 |
| 22:04 | Fabrizio 094455 · first_market_sell 100 food |
| 22:07 | _The_Oldergold · age_up castle |
| 22:19 | _The_Oldergold · first_building Castle |
| 23:02 | Fabrizio 094455 · first_building Barracks |
| 23:12 | Fabrizio 094455 · wall_segment Palisade Wall x1 |
| 23:13 | Fabrizio 094455 · wall_segment Palisade Wall x1 |
| 23:17 | Fabrizio 094455 · wall_segment Palisade Wall x1 |
| 23:20 | Fabrizio 094455 · wall_segment Palisade Wall x1 |
| 23:21 | Fabrizio 094455 · wall_segment Palisade Wall x1 |
| 23:25 | Fabrizio 094455 · wall_segment Palisade Wall x1 |
| 24:59 | Fabrizio 094455 · wall_segment Stone Wall x1 |
| 25:00 | Fabrizio 094455 · age_up castle |
| 25:00 | Fabrizio 094455 · wall_segment Stone Wall x1 |
| 25:02 | Fabrizio 094455 · wall_segment Stone Wall x1 |
| 25:05 | Fabrizio 094455 · wall_segment Stone Wall x1 |
| 25:06 | Fabrizio 094455 · wall_segment Stone Wall x1 |
| 25:59 | Fabrizio 094455 · first_building Castle |
| 26:31 | Fabrizio 094455 · first_market_buy 100 wood |
| 26:44 | _The_Oldergold · first_building Siege Workshop |
| 26:48 | Fabrizio 094455 · first_building Siege Workshop |
| 34:50 | Fabrizio 094455 · first_building Monastery |
| 38:04 | _The_Oldergold · age_up imperial |
| 44:30 | Fabrizio 094455 · age_up imperial |
| 45:01 | _The_Oldergold · first_building Monastery |
| 51:36 | Fabrizio 094455 · resign |
[ AI ANALYSIS · 1 CREDIT ]
What really happened in this match?
Wolo.gg analyzes every decision: build order, eco, micro, common mistakes by bracket. Personalized analysis on WhatsApp or Discord in 30 seconds.
Civ guide
Huns
Perfil
Jugador #4234652